 Dungeon Crawl Stone Soup version 0.27.1 (webtiles) character file.

Game seed: 13165842899792042536

1096 ZARRMARR the Sneak (level 8, 0/52 HPs)
             Began as an Octopode Transmuter on Sept 3, 2021.
             Slain by a sky beast (4 damage)
             ... on level 6 of the Dungeon.
             The game lasted 00:27:41 (9590 turns).

ZARRMARR the Sneak (Octopode Transmuter)            Turns: 9590, Time: 00:27:41

Health: 0/52       AC:  1    Str:  9    XL:     8   Next: 31%
Magic:  13/13      EV: 14    Int: 17    God:
Gold:   325        SH:  5    Dex: 13    Spells: 13/14 levels left

rFire    + . .     SeeInvis .     - Unarmed
rCold    + + .     Faith    .   (no shield)
rNeg     . . .     Spirit   .   (helmet currently unavailable)
rPois    +         Reflect  +   t - amulet of reflection
rElec    +         Harm     .   j - ring of protection from cold
rCorr    +         Rampage  .   (no ring)
Will     .....                  (no ring)
Stlth    ++++......             (no ring)
HPRegen  0.17/turn              (no ring)
MPRegen  0.13/turn              (no ring)
                                (no ring)
                                (no ring)

@: mighty, appendages (expiring), resistant
A: tentacle spike 3, almost no armour, amphibious, 8 rings, camouflage 1,
gelatinous body 1, (nimble swimmer 1), tentacles
a: End Transformation


You were on level 6 of the Dungeon.
One of your tentacles had grown a beastly spike.
You visited 1 branch of the dungeon, and saw 6 of its levels.

You collected 325 gold pieces.

Inventory:

Missiles
 d - 10 boomerangs
 h - 39 poisoned darts (quivered)
Jewellery
 g - a ring of fire
 j - a ring of protection from cold (left tentacle)
 t - an amulet of reflection (around mantle)
Wands
 e - a wand of acid (6)
 f - a wand of flame (18)
 r - a wand of polymorph (8)
 v - a wand of mindburst (13)
Scrolls
 a - a scroll of fog
 l - 2 scrolls of magic mapping
 n - a scroll of vulnerability {unknown}
 p - a scroll of holy word {unknown}
 u - a scroll of immolation {unknown}
 w - a scroll of teleportation {unknown}
 x - a scroll of noise {unknown}
Potions
 b - 2 potions of heal wounds {unknown}
 c - a potion of berserk rage {unknown}
 i - a potion of flight {unknown}
 k - a potion of lignification {unknown}
 m - a potion of brilliance {unknown}
 o - 4 potions of curing
 q - a potion of resistance
 s - a potion of might


   Skills:
 + Level 3.3 Fighting
 + Level 3.8 Dodging
 + Level 4.6 Stealth
 + Level 4.5 Unarmed Combat
 + Level 3.6 Spellcasting
 + Level 2.9 Necromancy
 + Level 3.8 Transmutations
 + Level 2.9 Earth Magic


You had 13 spell levels left.
You knew the following spells:

 Your Spells              Type           Power      Damage    Failure   Level
a - Beastly Appendage     Tmut           32%        N/A       3%          1

Your spell library contained the following spells:

 Spells                   Type           Power      Damage    Failure   Level
 Wereblood                Tmut           16%        N/A       4%          2
 Corpse Rot               Necr/Air       N/A        N/A       14%         2
 Spider Form              Tmut/Pois      4%         N/A       22%         3
 Poisonous Vapours        Pois/Air       6%         N/A       24%         2
 Ignite Poison            Fire/Tmut/Pois 7%         N/A       28%         3
 Call Canine Familiar     Summ           3%         N/A       43%         3
 Mephitic Cloud           Conj/Pois/Air  3%         N/A       43%         3
 Ozocubu's Armour         Ice            3%         N/A       43%         3
 Portal Projectile        Hex/Tloc       6%         N/A       43%         3
 Ice Form                 Ice/Tmut       9%         N/A       58%         4
 Leda's Liquefaction      Hex/Erth       4%         N/A       65%         4
 Blade Hands              Tmut           8%         N/A       67%         5
 Excruciating Wounds      Necr           6%         N/A       80%         5
 Bolt of Magma            Conj/Fire/Erth 3%         4d5       97%         5
 Freezing Cloud           Conj/Ice/Air   1%         6-21      99%         5
 Metabolic Englaciation   Hex/Ice        1%         N/A       99%         5
 Simulacrum               Ice/Necr       4%         N/A       100%        6


Dungeon Overview and Level Annotations

Branches:
Dungeon (6/15)
 Temple: D:4-7

Altars:
Ashenzari
Cheibriados
Kikubaaqudgha
Qazlal

Shops:
D:1 :

Annotations:
D:6 Edmund, Sigmund


Innate Abilities, Weirdness & Mutations

One of your tentacles has grown a beastly spike.
You cannot wear most types of armour.
You are amphibious.
You can wear up to eight rings at the same time.
Your skin changes colour to match your surroundings (Stealth+).
Your rubbery body absorbs attacks. (AC +1, EV +1)
((You are camouflaged near water. (Stealth+)))
You have tentacles for arms and can constrict up to eight enemies at once.


Message History

The sky beast barely misses you.
You closely miss the sky beast. The sky beast hits you.
The sky beast shocks you.
You tentacle-slap the sky beast but do no damage.
Your squeeze misses the sky beast. The sky beast hits you.
The sky beast shocks you.
You closely miss the sky beast. Your squeeze misses the sky beast.
You block the sky beast's attack.
You tentacle-slap the sky beast. Your squeeze misses the sky beast.
The sky beast is lightly wounded.
Your transformation is almost over.
You tentacle-slap the sky beast but do no damage.
Your squeeze misses the sky beast.
The sky beast is lightly wounded.
The sky beast hits you. The sky beast shocks you.
You tentacle-slap the sky beast but do no damage.
Your tentacle spike misses the sky beast.
The sky beast is lightly wounded.
The sky beast hits you. The sky beast shocks you.
You closely miss the sky beast.
Your tentacle spike misses the sky beast.
The sky beast is lightly wounded.
The sky beast flickers out of sight!
Deactivating autopickup; reactivate with Ctrl-A.
Something hits you. Something shocks you.
* * * LOW HITPOINT WARNING * * *
It was a potion of resistance.
You feel protected. Something hits you.
* * * LOW HITPOINT WARNING * * *
Something shocks you. You resist.
* * * LOW HITPOINT WARNING * * *
It was a potion of might.
You feel very mighty all of a sudden. Something hits you.
* * * LOW HITPOINT WARNING * * *
Something shocks you. You resist.
* * * LOW HITPOINT WARNING * * *
You bludgeon something! Something hits you.
You die...

#.....# #.......>.......####...
#.....# #...............# #...
#.|...# #....).........## ##.#.
##.##### #.........##'### #....
##.# #.........#...# ##### ##.#
##........#...# o$# # ##.#
##.......#...## W(Y# # ##.##
#...{...#....##$S # ....###
#>..@...##...### # .#....#
#..(....##....### #
.#.##.############..###.....#####
.#.##.........<.....# ##.......##
..................#.# ##......'.
##................#.# ###....#.
########.........#.############.
###.......................@Z...#
#...####........[........#######


There were no monsters in sight!

Vanquished Creatures
  Menkaure (D:4)
  A necrophage (D:4)
  A centaur (D:5)
  2 ogres
  A bullfrog (D:5)
  A howler monkey (D:5)
  A centaur zombie (D:6)
  A jelly (D:6)
  4 hounds
  A centaur skeleton (D:6)
  An orc priest (D:3)
  Crazy Yiuf (D:3)
  A bullfrog skeleton (D:6)
  An orc wizard (D:4)
  A killer bee zombie (D:5)
  5 gnolls
  7 adders
  An ufetubus (D:5)
  2 worms
  4 dart slugs
  7 orcs
  9 bats
  4 endoplasms
  A giant cockroach (D:1)
  6 goblins
  9 hobgoblins
  2 quokkas
  9 ball pythons
  4 frilled lizards
  10 kobolds
  3 rats
102 creatures vanquished.

Notes
Turn   | Place    | Note
-------+----------+-------------------------------------------
     0 | D:1      | ZARRMARR the Octopode Transmuter began the quest for the
                  | Orb.
     0 | D:1      | Reached XP level 1. HP: 13/13 MP: 3/3
   336 | D:1      | Reached XP level 2. HP: 14/18 MP: 3/5
   459 | D:1      | Reached skill level 1 in Stealth
   606 | D:1      | Found Porhuzat's Book Emporium.
   637 | D:1      | Reached XP level 3. HP: 13/23 MP: 4/6
  1954 | D:2      | Reached XP level 4. HP: 28/28 MP: 4/7
  2743 | D:2      | You fall into a shaft and drop 2 floors!
  2743 | D:4      | Noticed a necrophage
  2743 | D:4      | Found a snail-covered altar of Cheibriados.
  2743 | D:4      | Found a broken altar of Ashenzari.
  2788 | D:4      | Noticed Menkaure
  2953 | D:4      | Killed a necrophage
  2954 | D:4      | Reached skill level 1 in Necromancy
  2954 | D:4      | Reached skill level 1 in Earth Magic
  2954 | D:4      | Reached XP level 5. HP: 24/34 MP: 5/8
  3077 | D:4      | Found a stormy altar of Qazlal.
  4442 | D:3      | Reached XP level 6. HP: 39/39 MP: 8/10
  4982 | D:3      | Found a runed translucent door.
  4983 | D:3      | Noticed Crazy Yiuf
  5361 | D:3      | Killed Crazy Yiuf
  6045 | D:4      | Found an ancient bone altar of Kikubaaqudgha.
  6151 | D:4      | Found an ancient bone altar of Kikubaaqudgha.
  6202 | D:4      | Killed Menkaure
  6203 | D:4      | Reached XP level 7. HP: 25/45 MP: 11/11
  6340 | D:4      | Found a stormy altar of Qazlal.
  6386 | D:4      | Found a broken altar of Ashenzari.
  6432 | D:4      | Found a snail-covered altar of Cheibriados.
  6568 | D:5      | Entered Level 5 of the Dungeon
  7868 | D:6      | Noticed Edmund
  8204 | D:5      | Reached XP level 8. HP: 30/52 MP: 13/13
  8591 | D:6      | Noticed Sigmund
  9386 | D:6      | Noticed a yak
  9387 | D:6      | Noticed a wraith
  9590 | D:6      | Slain by a sky beast

Illustrated notes

Levels and vault maps discovered:
D:1:      dpeg_arrival_morbid_curiosity, layout_loops_corners, serial_shops,
          nicolae_square_shop, minmay_cut_off
D:2:      layout_basic, minmay_crystal_water, moated_statue, minmay_tromino_v2
D:3:      layout_basic, uniq_crazy_yiuf_cottage
D:4:      layout_basic, general_overflow_altar,
          mainiacjoe_overflow_catwalk_spiral, amcnicky_altar_gilded,
          uniq_menkaure
D:5:      layout_rooms, grunt_ministairs_7
D:6:      layout_rooms, st_stairs_9, lightli_corner_chamber, uniq_edmund,
          uniq_sigmund

Skill      XL: |  1  2  3  4  5  6  7 |
---------------+----------------------+-----
Stealth        | 1 2 3 4 |  4.6
Fighting       | 2 3 |  3.3
Necromancy     | 1 2 |  2.9
Earth Magic    | 1 2 |  2.9
Transmutations | 3 |  3.8
Dodging        | 3 |  3.8
Spellcasting   | 3 |  3.6
Unarmed Combat | 4 |  4.5

Action                   |  1- 3 |  4- 6 |  7- 9 || total
-------------------------+-------+-------+-------++-------
Melee: Unarmed           |    67 |   106 |   118 ||   291
       Constrict         |    18 |    27 |    14 ||    59
       Tentacles         |     9 |    19 |    21 ||    49
       Kick              |    14 |    25 |    29 ||    68
       Punch             |     1 |     1 |     6 ||     8
Throw: Dart              |       |     1 |    15 ||    16
       Throwing net      |       |       |     1 ||     1
       Boomerang         |       |       |     1 ||     1
 Cast: Beastly Appendage |    21 |    35 |    21 ||    77
Evoke: Wand              |       |     4 |       ||     4
  Use: Scroll            |     2 |     2 |     3 ||     7
       Potion            |       |     1 |     2 ||     3
 Stab: Sleeping          |     4 |    10 |     3 ||    17
Armor: Skin              |     5 |     6 |     5 ||    16
Dodge: Dodged            |    42 |    46 |    70 ||   158
Block: Other             |       |       |    44 ||    44
       Reflection        |       |       |     1 ||     1
